 Dungeon Crawl Stone Soup version 0.28.0 (webtiles) character file.

Game seed: 5897555521201562361

135 HallandMoats the Sneak (level 5, -1/37 HPs)
             Began as an Octopode Monk on Feb 7, 2022.
             Slain by a scorpion (4 damage)
             ... on level 3 of the Dungeon.
             The game lasted 00:05:36 (4127 turns).

HallandMoats the Sneak (Octopode Monk)              Turns: 4127, Time: 00:05:36

Health: -1/37      AC:  1    Str: 13    XL:     5   Next: 18%
Magic:  0/6        EV: 14    Int: 12    God:
Gold:   105        SH:  0    Dex: 14    Spells: 4/4 levels left

rFire   . . .      SeeInvis .     - Unarmed
rCold   . . .      Faith    .   (no shield)
rNeg    . . .      Spirit   +   (helmet restricted)
rPois   .          Reflect  .   a - amulet of guardian spirit
rElec   .          Harm     .   (no ring)
rCorr   .          Rampage  .   (no ring)
Will    .....                   (no ring)
Stlth   ++++......              (no ring)
HPRegen 0.12/turn               (no ring)
MPRegen 0.10/turn               (no ring)
                                (no ring)
                                (no ring)

@: about to teleport
A: almost no armour, amphibious, 8 rings, camouflage 1, gelatinous body 1,
(nimble swimmer 1), tentacles
a: no special abilities


You were on level 3 of the Dungeon.
You visited 1 branch of the dungeon, and saw 4 of its levels.

You collected 105 gold pieces.

Inventory:

Hand Weapons
 q - a +3 trident of flaming
Armour
 f - a +0 kite shield
Jewellery
 a - an amulet of guardian spirit (around mantle)
 o - a ring of magical power
Wands
 l - a wand of paralysis (2)
Scrolls
 c - a scroll of fog
 d - a scroll of torment {unknown}
 i - a scroll of teleportation
 m - a scroll of vulnerability {unknown}
 p - a scroll of identify
Potions
 b - a potion of degeneration {unknown}
 e - a potion of mutation {unknown}
 g - a potion of curing {unknown}
 h - 2 potions of berserk rage {unknown}
 j - 2 potions of brilliance {unknown}
 k - 2 potions of haste {unknown}
 n - a potion of heal wounds {unknown}


   Skills:
 + Level 3.7 Fighting
 + Level 3.6 Dodging
 + Level 4.0 Stealth
 + Level 3.6 Unarmed Combat
 + Level 2.0 Invocations


You had 4 spell levels left.
You didn't know any spells.
Your spell library was empty.

Dungeon Overview and Level Annotations

Branches:
Dungeon (4/15)
 Temple: D:4-7

Altars:
Ashenzari
Kikubaaqudgha
Qazlal


Innate Abilities, Weirdness & Mutations

You cannot wear most types of armour.
You are amphibious.
You can wear up to eight rings at the same time.
Your skin changes colour to match your surroundings (Stealth+).
Your rubbery body absorbs attacks. (AC +1, EV +1)
((You are camouflaged when in or above water. (Stealth+)))
You have tentacles for arms and can constrict up to eight enemies at once.


Message History

The phantom hits you!
The phantom blinks!
You blink.
A hound skeleton comes into view.
Found 3 gold pieces.
Found an ancient bone altar of Kikubaaqudgha.
You barely miss the phantom. You squeeze the phantom.
The phantom is moderately damaged.
The phantom closely misses you.
You tentacle-slap the phantom.
The phantom is moderately damaged.
The phantom hits you!
The phantom blinks!
You blink.
Unknown command.
You tentacle-slap the phantom but do no damage.
The phantom is moderately damaged.
The phantom hits you.
Unknown command.
You barely miss the phantom. Your squeeze misses the phantom.
The phantom is moderately damaged.
The phantom hits you.
The phantom blinks!
You blink.
Unknown command.
You are too injured to fight recklessly!
Unknown command.
You are too injured to fight recklessly!
The hound skeleton barely misses you. The hound skeleton closely misses you.
Found 12 stones.
A scorpion comes into view.
The hound skeleton closely misses you.
There is a stone staircase leading up here.
The hound skeleton barely misses you. The scorpion misses you.
The phantom hits you.
You climb upwards.
There is a stone staircase leading down here.
As you read the scroll of teleportation, it crumbles to dust.
You feel strangely unstable. The scorpion stings you. The phantom hits you.
* * * LOW HITPOINT WARNING * * *
The phantom blinks!
You blink.
The phantom hits you!
* * * LOW HITPOINT WARNING * * *
The phantom blinks!
You blink.
The scorpion stings you.
You die...

#####
....#############
....#.##........#
....#.##>.......#
....#.##........##
....#[''.......s§#
#####.##..§§...W@#
......##.........#
......##.........#
......+......''#.#
......###....#.#.#
.....## #....#.#.#
.....# #..[.#.#.#
..#### ##....#.#.#
..# ##.....#.#.#


You could see a phantom and a scorpion.

Vanquished Creatures
  An orc priest (D:3)
  Robin (D:1)
  2 adders (D:3)
  A worm (D:2)
  2 orcs
  A ball python (D:2)
  9 bats
  2 endoplasms
  17 goblins
  7 hobgoblins
  8 jackals
  A quokka (D:2)
  6 frilled lizards
  7 kobolds
65 creatures vanquished.

Vanquished Creatures (others)
  3 plants (D:2)
3 creatures vanquished.

Grand Total: 68 creatures vanquished

Notes
Turn   | Place    | Note
-------+----------+-------------------------------------------
     0 | D:1      | HallandMoats the Octopode Monk began the quest for the Orb.
     0 | D:1      | Reached XP level 1. HP: 16/16 MP: 1/1
   144 | D:1      | Reached XP level 2. HP: 19/21 MP: 2/2
   147 | D:1      | Reached skill level 3 in Stealth
   386 | D:1      | Reached skill level 1 in Invocations
   390 | D:1      | Reached XP level 3. HP: 8/26 MP: 1/3
  1346 | D:2      | Noticed Robin
  1373 | D:2      | Reached XP level 4. HP: 14/31 MP: 2/5
  2548 | D:2      | Found a faded altar of an unknown god.
  2738 | D:3      | Found a broken altar of Ashenzari.
  2772 | D:2      | HP: 1/31 [jackal (2)]
  3633 | D:3      | Reached XP level 5. HP: 37/37 MP: 6/6
  3750 | D:3      | Found a stormy altar of Qazlal.
  4020 | D:1      | Killed Robin
  4021 | D:1      | Reached skill level 4 in Stealth
  4104 | D:4      | Noticed a phantom
  4109 | D:4      | Found an ancient bone altar of Kikubaaqudgha.
  4127 | D:3      | Slain by a scorpion

Illustrated notes

Levels and vault maps discovered:
D:1:      eino_arrival_water_star, layout_rooms
D:2:      layout_loops_ring, dilly_ecumenical_altar_fadedgnrine,
          minmay_heptomino_h4, uniq_robin
D:3:      layout_basic, general_overflow_altar,
          mainiacjoe_overflow_tiny_flanked, minmay_crystal_room
D:4:      layout_gridville, mainiacjoe_overflow_alcove_2,
          nemelex_spade_bored_becter, kennysheep_mini, grunt_ministairs_10,
          minmay_misc_feat_pillars, minivault_11, chequers_mini_garden

Skill      XL: |  1  2  3  4  5 |
---------------+----------------+-----
Stealth        | 3 4 |  4.0
Invocations    | 1 2 |  2.0
Fighting       | |  3.7
Dodging        | |  3.6
Unarmed Combat | |  3.6

Action                   |  1- 3 |  4- 6 || total
-------------------------+-------+-------++-------
Melee: Unarmed           |    86 |    62 ||   148
       Constrict         |    32 |    14 ||    46
       Tentacles         |    16 |    17 ||    33
       Punch             |     2 |     3 ||     5
  Use: Scroll            |       |     3 ||     3
 Stab: Sleeping          |     9 |     5 ||    14
Armor: Skin              |    14 |     3 ||    17
Dodge: Dodged            |    74 |    42 ||   116
